 Dungeon Crawl Stone Soup version 0.29.1-13-g9f3cf754e1 (console) character file.

Game seed: 14381739010909959288

7560 om the Nimble (level 11, -5/75 HPs)
             Began as a Djinni Fire Elementalist on Feb 7, 2023.
             Was an Initiate of Ashenzari.
             Hit by a large rock thrown by a cyclops (41 damage)
             ... on level 8 of the Dungeon.
             The game lasted 00:25:35 (12781 turns).

om the Nimble (Djinni Fire Elementalist)           Turns: 12781, Time: 00:25:35

Health: -5/75      AC:  7    Str: 15    XL:     11   Next: 39%
Gold:   498        EV: 33    Int: 21    God:    Ashenzari [......] SH:  5 Dex: 15

rFire   + + +      SeeInvis +   K - +9 dagger {venom, rC++ Str+4 Int-3 SInv}
rCold   + . .      Faith    .   w - +0 buckler
rNeg    . . .      Spirit   .   n - +2 ring mail {rF+}
rPois   ∞          Reflect  .   (no helmet)
rElec   .          Harm     .   (no cloak)
rCorr   .          Rampage  .   (no gloves)
Will    +....                   (boots unavailable)
Stlth   +.........              m - amulet "Usmekol" {Acrobat Str+2}
HPRegen 0.22/turn               e - +6 ring of intelligence
MPRegen 0.00/turn               q - +4 ring of evasion

@: sluggish, acrobatic, flying, very slow
A: sickness immunity, fire resistance 2, cold vulnerability 1, float, innate
caster, HP casting, extra vitality 1
a: Renounce Religion, Curse Item


You were on level 8 of the Dungeon.
You worshipped Ashenzari.
Ashenzari was noncommittal.
You visited 2 branches of the dungeon, and saw 9 of its levels.
You also visited: Bailey.

You collected 498 gold pieces.

Inventory:

Hand Weapons
 i - a +2 dagger of draining
 B - a +1 short sword of electrocution
 F - a +0 halberd
 K - the +9 dagger of the Candle (weapon) {venom, rC++ Str+4 Int-3 SInv}
   (You found it in a bailey)

   It poisons the flesh of those it strikes.
   Str:       It affects your strength (+4).
   Int:       It affects your intelligence (-3).
   rC:        It greatly protects you from cold.
   SInv:      It lets you see invisible.
 L - a +4 longbow of flaming
Missiles
 k - a throwing net
Armour
 a - a +0 robe
 n - a +2 ring mail of fire resistance (worn)
 w - a +0 buckler (worn)
 H - the +8 orange crystal plate armour {Archmagi, Int+3 Clar}
   (You found it in a bailey)

   Int:       It affects your intelligence (+3).
   Clar:      It protects you against confusion.
Jewellery
 e - a +6 ring of intelligence (left hand)
 l - a ring of resist corrosion
 m - the amulet "Usmekol" (around neck) {Acrobat Str+2}
   (You found it on level 6 of the Dungeon)

   [amulet of the acrobat]

   It increases your evasion while moving and waiting.
   Str:       It affects your strength (+2).
 q - a +4 ring of evasion (right hand)
 E - a +6 ring of dexterity
Wands
 x - a wand of polymorph (4)
 A - a wand of iceblast (7)
Scrolls
 d - 3 scrolls of enchant weapon
 h - 4 scrolls of identify
 j - a scroll of immolation {unknown}
 o - a scroll of noise {unknown}
 p - a scroll of enchant armour {unknown}
 r - a scroll of acquirement {unknown}
 s - a scroll of torment {unknown}
 u - 3 scrolls of teleportation {unknown}
 y - a scroll of amnesia
 C - 2 scrolls of magic mapping {unknown}
 D - 3 scrolls of summoning {unknown}
 M - a scroll of blinking {unknown}
Potions
 b - a potion of ambrosia {unknown}
 c - 3 potions of haste
 f - a potion of attraction
 g - 2 potions of flight
 t - a potion of cancellation {unknown}
 v - a potion of lignification {unknown}
 z - 2 potions of curing
 G - 2 potions of magic {unknown}
 I - a potion of might
 J - 2 potions of invisibility
 N - a potion of brilliance {unknown}


   Skills:
 - Level 5.0 Fighting
 - Level 2.0 Short Blades
 * Level 4.3 Armour
 + Level 9.5 Dodging
 - Level 1.5 Stealth
 - Level 5.0 Shields
 * Level 9.4 Spellcasting


You had one spell level left.
You knew the following spells:

 Your Spells              Type           Power      Damage    Failure   Level
a - Foxfire               Conj/Fire      100%       2x1d9     1%          1
b - Scorch                Fire           98%        2d10      1%          2
c - Conjure Flame         Conj/Fire      49%        6-21      1%          3
d - Inner Flame           Hex/Fire       49%        N/A       1%          3
e - Flame Wave            Conj/Fire      49%        2d12      3%          4
f - Sandblast             Erth           98%        2d20      1%          1
g - Wereblood             Tmut           49%        N/A       1%          2
h - Swiftness             Air            49%        N/A       1%          3
i - Ice Form              Ice/Tmut       49%        N/A       3%          4
j - Olgreb's Toxic Radia  Pois           49%        N/A       3%          4
Your spell library was empty.

Dungeon Overview and Level Annotations

Branches:
Dungeon (8/15)             Temple (1/1) D:7            Lair (0/5) D:8
 Bailey (visited)

Altars:
Ashenzari
Cheibriados
Dithmenos
Elyvilon
Fedhas
Gozag
Hepliaklqana
Makhleb
Nemelex Xobeh
Okawaru
Qazlal
Ru
Trog
Uskayaw
Xom
Yredelemnul
Zin
The Shining One

Shops:
D:2 *

Annotations:
D:8 3 transporters


Innate Abilities, Weirdness & Mutations

You are immune to sickness and miasma.
You are immune to poison.
Your flesh is very heat resistant. (rF++)
You are vulnerable to cold. (rC-)
You float through the air rather than walking.
You learn spells naturally, not from books.
Your magical power is your life essence.
You have superior vitality. (+4 MHP)


Message History

You feel quick.
Things that are here:
a +0 war axe; a +0 robe
Casting: Swiftness (safe; 1% risk of failure)
Confirm with . or Enter, or press ? or * to list all spells.
The fire begins to smoulder!
The fire ignites!
Casting: Conjure Flame (safe; 1% risk of failure)
Confirm with . or Enter, or press ? or * to list all spells.
The fire begins to smoulder!
The fire ignites!
Casting: Conjure Flame (safe; 1% risk of failure)
Confirm with . or Enter, or press ? or * to list all spells.
The fire begins to smoulder!
The fire ignites!
You start resting.
You start to feel a little slower.
You start resting.
A cyclops is nearby!
You see here a ring of flight.
The cyclops throws a large rock.
The large rock completely misses you.
Casting: Conjure Flame (safe; 1% risk of failure)
Confirm with . or Enter, or press ? or * to list all spells.
The fire begins to smoulder!
The cyclops throws a large rock.
The large rock misses you.
You feel sluggish.
The fire ignites!
Casting: Conjure Flame (safe; 1% risk of failure)
Confirm with . or Enter, or press ? or * to list all spells.
The fire begins to smoulder!
The fire ignites!
Casting: Conjure Flame (safe; 1% risk of failure)
Confirm with . or Enter, or press ? or * to list all spells.
The fire begins to smoulder!
The cyclops throws a large rock.
The large rock misses you.
The fire ignites!
A cyclops is nearby!
The cyclops throws a large rock.
The large rock hits you!!!
Ouch! That really hurt!
You die...

##### ##...## ############## #
##.....######........>....# ##
#.......##......#.........# .#
#............####C........#
.###............@§§§.=.......#
<.............###########.####
................. #.#
...........###..# #.##
...............## #..#
################# ### ####.#
#.###[###.###$#.##
#.#.#.#.#.#.#.##
#.###.###.#.#)#


You could see a cyclops.

Vanquished Creatures
  2 manticores (D:8)
  A gargoyle (Bailey)
  Sigmund (D:3)
  6 yaks (D:6)
  A vampire (Bailey)
  2 wyverns
  Eustachio (D:5)
  Grum (D:8)
  2 acid dragons (D:8)
  3 water moccasins
  Duvessa (D:4)
  2 orc warriors (D:8)
  2 ice beasts
  3 sky beasts
  A black bear (D:6)
  4 wolves (D:8)
  3 centaurs
  3 ogres
  2 phantoms
  2 kobold brigands (D:8)
  2 bullfrogs (D:8)
  A gnoll sergeant (D:6)
  3 scorpions
  4 necrophages
  Dowan (D:4)
  2 killer bees (D:8)
  2 howler monkeys
  6 wolf zombies (Bailey)
  8 vampire bats (Bailey)
  6 hounds
  2 jellies
  2 orc priests (D:5)
  A gnoll bouda (D:8)
  Jessica (D:2)
  5 iguanas
  An orc wizard (D:8)
  Terence (D:2)
  12 adders
  11 gnolls
  A shadow imp (D:6)
  3 white imps
  A worm (D:3)
  2 dart slugs
  28 orcs
  12 endoplasms
  4 giant cockroaches
  10 goblins
  7 hobgoblins
  7 jackals (D:3)
  18 kobolds
  4 quokkas
  7 ball pythons
  6 bats
  2 frilled lizards
  23 orc zombies (Bailey)
  5 rats
254 creatures vanquished.

Vanquished Creatures (others)
  303 foxfires
  3 fungi (D:8)
  3 plants (D:8)
309 creatures vanquished.

Grand Total: 563 creatures vanquished

Notes
Turn   | Place    | Note
-------+----------+-------------------------------------------
     0 | D:1      | om the Djinni Fire Elementalist began the quest for the
                  | Orb.
     0 | D:1      | om set off with the following spells memorised: Foxfire,
                  | Scorch, Conjure Flame, Inner Flame, Flame Wave.
     0 | D:1      | Reached XP level 1. HP: 15/15 MP: 0/0
   255 | D:1      | Reached XP level 2. HP: 19/21 MP: 0/0
   730 | D:1      | Reached XP level 3. HP: 20/26 MP: 0/0
   730 | D:1      | Learned a level 1 spell: Sandblast
   985 | D:1      | Found a faded altar of an unknown god.
  1037 | D:1      | Reached skill level 1 in Fighting
  1348 | D:2      | Found Lanau's Assorted Antiques.
  1482 | D:2      | Noticed Terence
  1495 | D:2      | Killed Terence
  1496 | D:2      | Reached XP level 4. HP: 15/32 MP: 0/0
  2104 | D:2      | Noticed Jessica
  2110 | D:2      | Killed Jessica
  2191 | D:2      | Reached XP level 5. HP: 38/38 MP: 0/0
  2191 | D:2      | Learned a level 2 spell: Wereblood
  2826 | D:3      | Noticed Sigmund
  2924 | D:3      | Reached XP level 6. HP: 30/43 MP: 0/0
  3123 | D:3      | Killed Sigmund
  3124 | D:3      | Reached skill level 1 in Short Blades
  3134 | D:3      | Reached XP level 7. HP: 22/49 MP: 0/0
  3134 | D:3      | Learned a level 3 spell: Swiftness
  4240 | D:4      | Reached skill level 5 in Dodging
  4382 | D:4      | Found a burning altar of Makhleb.
  4409 | D:4      | Reached XP level 8. HP: 52/56 MP: 0/0
  4679 | D:5      | Entered Level 5 of the Dungeon
  4708 | D:5      | Reached skill level 1 in Shields
  4708 | D:5      | Reached skill level 5 in Spellcasting
  5045 | D:5      | Noticed Eustachio
  5055 | D:5      | Killed Eustachio
  5288 | D:5      | Noticed Duvessa
  5288 | D:5      | Noticed Dowan
  5575 | D:4      | Killed Dowan
  5579 | D:4      | Killed Duvessa
  5580 | D:4      | Reached XP level 9. HP: 24/62 MP: 0/0
  5580 | D:4      | Learned a level 4 spell: Ice Form
  6425 | D:5      | Found a bloodstained altar of Trog.
  7247 | D:6      | Reached XP level 10. HP: 65/67 MP: 0/0
  7495 | D:6      | Reached skill level 5 in Shields
  8246 | D:6      | Identified the amulet "Usmekol" {Acrobat Str+2}
  8456 | D:6      | Found an opulent altar of Gozag.
  9014 | D:7      | Found a staircase to the Ecumenical Temple.
  9028 | Temple   | Entered the Ecumenical Temple
  9088 | Temple   | Became a worshipper of Ashenzari the Shackled
  9826 | D:8      | Found a flagged portal.
  9826 | D:8      | Found a transporter.
  9834 | Bailey   | Entered a bailey
 10506 | Bailey   | Noticed a gargoyle
 10536 | Bailey   | Killed a gargoyle
 11043 | Bailey   | Found the +8 orange crystal plate armour {Archmagi, Int+3
                  | Clar}
 11265 | Bailey   | Identified the +9 dagger of the Candle {venom, rC++ Str+4
                  | Int-3 SInv}
 11396 | D:8      | Found a staircase to the Lair.
 11464 | D:8      | Reached skill level 1 in Armour
 11478 | D:8      | Noticed a manticore
 11809 | D:7      | Reached XP level 11. HP: 50/73 MP: 0/0
 11809 | D:7      | Learned a level 4 spell: Olgreb's Toxic Radiance
 11966 | D:8      | Noticed a manticore
 11976 | D:8      | Killed a manticore
 12200 | D:8      | Found a transporter.
 12220 | D:8      | Found a transporter.
 12468 | D:8      | Noticed Grum
 12478 | D:8      | Killed Grum
 12484 | D:8      | Reached skill level 5 in Fighting
 12632 | D:8      | Killed a manticore
 12730 | D:8      | Noticed a cyclops
 12781 | D:8      | Hit by a large rock thrown by a cyclops

Illustrated notes

Levels and vault maps discovered:
D:1:      noname_arrival_rooms_in_the_neighbourhood, layout_loops_ring,
          shapermc_ecumenical_altar_flowoftime
D:2:      layout_loops_corners, serial_shops, nicolae_shop_overgrown_old_shop,
          uniq_jessica, uniq_terence
D:3:      layout_rooms, uniq_sigmund
D:4:      cheibrodos_greedy_goblins, layout_cave_pools,
          mainiacjoe_overflow_alcove_4
D:5:      layout_loops_ring, gammafunk_temple_overflow_pools,
          kennysheep_nondescript, minmay_circle_x, uniq_eustachio, uniq_duvessa
D:6:      layout_loops_corners, mainiacjoe_overflow_alcove_1, st_stairs_13
D:7:      layout_loops_corners, minmay_temple_entry_grid
D:8:      minmay_imperfect_grid, layout_rooms, dpeg_oklobed_lair,
          enter_bailey_2, nicolae_transporter_intersection, uniq_grum
Temple:   minmay_temple_bridge_d

Skill      XL: |  1  2  3  4  5  6  7  8  9 10 11 |
---------------+----------------------------------+-----
Dodging        | 3 4 5 6 7 9 |  9.5
Fighting       | 1 2 3 4 5 |  5.0
Spellcasting   | 3 4 5 7 8 9 |  9.4
Short Blades   | 1 2 |  2.0
Shields        | 2 4 5 |  5.0
Armour         | 2 4 |  4.3
Stealth        | |  1.5

Action                   |  1- 3 |  4- 6 |  7- 9 | 10-12 || total
-------------------------+-------+-------+-------+-------++-------
Melee: Unarmed           |     9 |       |     3 |   211 ||   223
       Dagger            |    29 |    48 |    46 |    14 ||   137
       Short sword       |       |       |    50 |    22 ||    72
 Cast: Foxfire           |    42 |    23 |    82 |    28 ||   175
       Scorch            |     2 |    13 |    73 |    72 ||   160
       Sandblast         |       |     2 |     1 |     3 ||     6
       Swiftness         |       |       |     1 |     2 ||     3
       Ice Form          |       |       |     2 |    20 ||    22
       Conjure Flame     |       |       |     2 |    23 ||    25
       Flame Wave        |       |       |       |     5 ||     5
       Olgreb's Toxic Ra |       |       |       |     6 ||     6
  Use: Scroll            |     4 |     1 |     3 |     3 ||    11
       Potion            |       |     4 |     1 |     2 ||     7
 Stab: Sleeping          |     8 |     3 |     1 |       ||    12
Armor: Robe              |     4 |    10 |    11 |     1 ||    26
       Skin              |       |       |     2 |    70 ||    72
       Ring mail         |       |       |       |     4 ||     4
Dodge: Dodged            |    27 |    36 |    99 |   363 ||   525
Block: Buckler           |       |       |    21 |    23 ||    44
